 Dungeon Crawl Stone Soup version 0.31-a0-233-g139696dc86 (webtiles) character file.

Game seed: 9149101302057594654

262 qw the Shooter (level 6, -1/37 HPs)
             Began as a Gargoyle Hexslinger on July 9, 2023.
             Was an Initiate of Okawaru.
             Slain by a gnoll sergeant
             ... wielding a +3 spear of venom
              (5 damage)
             ... on level 5 of the Dungeon.
             The game lasted 00:01:11 (3019 turns).

qw the Shooter (Gargoyle Hexslinger)                Turns: 3019, Time: 00:01:11

Health: -1/37      AC: 15    Str: 12    XL:     6   Next: 18%
Magic:  7/7        EV: 10    Int: 13    God:    Okawaru [......]
Gold:   225        SH:  0    Dex: 16    Spells: 6/7 levels left

rFire   . . .        Y - +2 sling
rCold   . . .        (no shield)
rNeg    + . .        f - +0 ring mail
rPois   inf          l - +2 helmet {SInv}
rElec   +            k - +0 cloak
rCorr   +            e - +0 pair of gloves
SInv    +            n - +2 pair of boots
Will    .....        (no amulet)
Stlth   ++           j - ring of resist corrosion
HPRegen 0.26/turn    (no ring)
MPRegen 0.10/turn

%: no passive effects
@: no status effects
A: sickness immunity, AC +4, negative energy resistance 1, electricity
resistance, torment resistance 1, petrification resistance, thin skeletal
structure 1, deformed body
a: Renounce Religion


You were on level 5 of the Dungeon.
You worshipped Okawaru.
Okawaru was noncommittal.
You visited 2 branches of the dungeon, and saw 6 of its levels.

You collected 225 gold pieces.


Innate Abilities, Weirdness & Mutations

You are immune to sickness and miasma.
Your stone body is resilient. (AC +4)
You are immune to poison.
You resist negative energy. (rN+)
You are resistant to electric shocks. (rElec)
You are resistant to unholy torment.
You are immune to petrification.
You have a somewhat thin skeletal structure. (Dex +2, Stealth+)
Armour fits poorly on your strangely shaped body.


   Skills:
 - Level 3.1 Fighting
 + Level 5.1 Ranged Weapons
 - Level 2.2 Armour
 - Level 1.5 Dodging
 - Level 1.0 Spellcasting
 - Level 2.6 Hexes


You had 6 spell levels left.
You knew the following spells:

 Your Spells              Type           Power      Damage    Failure   Level
a - Slow                  Hex            28%        N/A       21%         1

Your spell library contained the following spells:

 Spells                   Type           Power      Damage    Failure   Level
 Inner Flame              Hex/Fire       4%         N/A       71%         3
 Portal Projectile        Hex/Tloc       8%         N/A       71%         3
 Cause Fear               Hex            3%         N/A       90%         4

Inventory:

Hand Weapons
 Y - a +2 sling (weapon)
Armour
 e - a +0 pair of gloves (worn)
 f - a +0 ring mail (worn)
 k - a +0 cloak (worn)
 l - a +2 helmet of see invisible (worn)
 n - a +2 pair of boots (worn)
Jewellery
 j - a ring of resist corrosion (left hand)
Potions
 a - a potion of might
 b - a potion of degeneration {unknown}
 c - a potion of mutation
 d - a potion of brilliance {unknown}
 g - a potion of berserk rage {unknown}
 h - 2 potions of curing
 i - a potion of experience {unknown}
 m - a potion of attraction {unknown}
 o - a potion of ambrosia {unknown}

Dungeon Overview and Level Annotations

Branches:
Dungeon (5/15)             Temple (1/1) D:4

Altars:
Ashenzari
Cheibriados
Dithmenos
Fedhas
Hepliaklqana
Kikubaaqudgha
Makhleb
Nemelex Xobeh
Okawaru
Qazlal
Ru
Sif Muna
Uskayaw
Vehumet
Wu Jian
Xom
Yredelemnul


Message History

You shoot a sling bullet. The sling bullet hits the gnoll.
The gnoll is moderately wounded.
You shoot a sling bullet.
The sling bullet barely misses the gnoll.
You shoot a sling bullet. The sling bullet hits the gnoll.
The gnoll is moderately wounded.
You shoot a sling bullet. The sling bullet hits the gnoll.
The gnoll is severely wounded.
The gnoll hits you from afar with a +0 spear.
You shoot a sling bullet. The sling bullet hits the gnoll.
The gnoll is almost dead.
The gnoll hits you but does no damage.
A gnoll comes into view. It is wielding a +0 halberd.
The gnoll hits you with a +0 flail.
You shoot a sling bullet. The gnoll shouts!
The sling bullet hits the gnoll.
The gnoll is heavily wounded.
The gnoll closely misses you.
You shoot a sling bullet. The sling bullet hits the gnoll.
The gnoll is severely wounded.
The gnoll barely misses you.
The gnoll sergeant hits you from afar with a +3 spear of venom!
The gnoll hits you but does no damage.
You shoot a sling bullet. The sling bullet hits the gnoll.
The gnoll is almost dead.
The gnoll hits you from afar with a +0 spear.
The gnoll sergeant hits you from afar with a +3 spear of venom.
You shoot a sling bullet.
The sling bullet barely misses the gnoll.
The gnoll barely misses you. The gnoll hits you with a +0 flail.
The gnoll sergeant hits you from afar with a +3 spear of venom.
The gnoll hits you but does no damage. The gnoll hits you with a +0 flail.
The gnoll sergeant hits you but does no damage.
You shoot a sling bullet. The sling bullet hits the gnoll.
You kill the gnoll!
Okawaru accepts your kill. The gnoll closely misses you.
The gnoll hits you but does no damage.
The gnoll sergeant hits you from afar with a +3 spear of venom.
You die...

#.# ##......#
#.##.......#
#...#.....##
#..........##
##..#...##.....
#...##..##..###
###..##.##...#
##.##...#..#
#.@)#.###.#
#....## #ggg.#
#.....#
#...##..#
#....# ....
#.##... .....
#g ##.. ...## g
## ...#


You could see a gnoll sergeant and 2 gnolls.

Vanquished Creatures
  A scorpion (D:2)
  A howler monkey (D:4)
  A hound (D:4)
  An orc priest (D:3)
  2 adders
  A gnoll (D:5)
  A worm (D:2)
  3 dart slugs
  3 orcs (D:3)
  9 ball pythons
  13 endoplasms
  A giant cockroach (D:2)
  3 goblins (D:1)
  7 hobgoblins
  5 kobolds
  2 quokkas (D:1)
  5 bats
  2 frilled lizards (D:1)
  10 rats
71 creatures vanquished.

Notes
Turn   | Place    | Note
-------+----------+-------------------------------------------
     0 | D:1      | qw the Gargoyle Hexslinger began the quest for the Orb.
     0 | D:1      | Reached XP level 1. HP: 12/12 MP: 2/2
     0 | D:1      | 0 ||| qw: Version: 0.3-a-51-g015441d
     0 | D:1      | 0 ||| qw: Game counter: 3980
     0 | D:1      | 0 ||| qw: Melee chars always use a shield: true
     0 | D:1      | 0 ||| qw: God list: Okawaru
     0 | D:1      | 0 ||| qw: Allow faded altars: false
     0 | D:1      | 0 ||| qw: Do Orc after clearing Dungeon:15 true
     0 | D:1      | 0 ||| qw: Do second Lair branch before Depths: true
     0 | D:1      | 0 ||| qw: Lair rune preference: random
     0 | D:1      | 0 ||| qw: Goals: Normal
     0 | D:1      | 0 ||| PLANNING D:1-11
    81 | D:1      | Reached XP level 2. HP: 16/16 MP: 3/3
   149 | D:1      | Reached skill level 3 in Ranged Weapons
   181 | D:1      | HP: 4/16 [quokka (1)]
   302 | D:1      | Reached XP level 3. HP: 21/21 MP: 4/4
   330 | D:1      | You fall into a shaft and drop 1 floor!
   688 | D:2      | Noticed a scorpion
   713 | D:2      | Killed a scorpion
   714 | D:2      | Reached skill level 4 in Ranged Weapons
   714 | D:2      | Reached XP level 4. HP: 13/26 MP: 5/5
   886 | D:2      | 886 ||| UPGRADING to +0 ring mail.
   896 | D:2      | 896 ||| DROPPING +0 robe.
   897 | D:2      | 897 ||| UPGRADING to +0 cloak.
   902 | D:2      | 902 ||| READING scroll labelled JESOUL LUZEKK.
   903 | D:2      | 903 ||| READING scroll labelled KYOVOC NOYJATE.
   904 | D:2      | 904 ||| DROPPING scroll of poison.
  1108 | D:1      | 1108 ||| UPGRADING to +0 pair of gloves.
  1113 | D:1      | 1113 ||| DROPPING amulet of magic regeneration.
  1114 | D:1      | 1114 ||| READING 3 scrolls labelled MEVVED GAPIHER.
  1115 | D:1      | 1115 ||| DRINKING 2 grey potions.
  1116 | D:1      | 1116 ||| DRINKING 2 glowing golden potions.
  1117 | D:1      | 1117 ||| DROPPING 2 scrolls of vulnerability.
  1504 | D:2      | Reached skill level 1 in Armour
  1504 | D:2      | Reached XP level 5. HP: 27/30 MP: 6/6
  1586 | D:2      | 1586 ||| READING scroll labelled VEKOTO OHEECLI.
  1664 | D:3      | Reached skill level 5 in Ranged Weapons
  1732 | D:3      | Found a shimmering blue altar of Sif Muna.
  1737 | D:3      | Found a hide-covered altar of Uskayaw.
  1738 | D:3      | Found a burning altar of Makhleb.
  1738 | D:3      | Found a sacrificial altar of Ru.
  2096 | D:3      | 2096 ||| UPGRADING to +2 helmet of see invisible.
  2101 | D:3      | 2101 ||| UPGRADING to +2 pair of boots.
  2106 | D:3      | 2106 ||| READING scroll labelled PYMILL OLAID.
  2107 | D:3      | 2107 ||| READING scroll labelled PIEJO TOA.
  2108 | D:3      | 2108 ||| READING scroll labelled ICAVVE VUVEPSE.
  2109 | D:3      | 2109 ||| DRINKING 2 amethyst potions.
  2109 | D:3      | Gained mutation: You have a somewhat thin skeletal
                  | structure. (Dex +2, Stealth+) [potion of mutation]
  2109 | D:3      | Gained mutation: Armour fits poorly on your strangely
                  | shaped body. [potion of mutation]
  2160 | D:4      | Reached skill level 3 in Fighting
  2212 | D:4      | Found a broken altar of Ashenzari.
  2238 | D:4      | Reached XP level 6. HP: 37/37 MP: 7/7
  2365 | D:4      | Found a staircase to the Ecumenical Temple.
  2366 | D:4      | 2366 ||| PLANNING TEMPLE
  2368 | D:4      | 2368 ||| UPGRADING to ring of resist corrosion.
  2374 | Temple   | Entered the Ecumenical Temple
  2400 | Temple   | 2400 ||| PLANNING OKAWARU WORSHIP
  2603 | Temple   | Became a worshipper of Warmaster Okawaru
  2604 | Temple   | 2604 ||| PLANNING D:1-11
  2893 | D:4      | Found an ancient bone altar of Kikubaaqudgha.
  2994 | D:5      | Entered Level 5 of the Dungeon
  3009 | D:5      | 3009 ||| Stepping ~*~*~tactically~*~*~ (outnumbered).
  3018 | D:5      | HP: 8/37 [gnoll sergeant/+3 spear of venom (4)]
  3019 | D:5      | Slain by a gnoll sergeant

Levels and vault maps discovered:
D:1:      amcnicky_arrival_gap_in_the_tavern_cellar, layout_rooms,
          serial_park_tiny_pond, minmay_pentomino_x4
D:2:      layout_loops_corners, serial_aquarium, aquarium_bridge_square
          [aquarium_subvault_bridge, aquarium_subvault_balcony,
          aquarium_subvault_bridge, aquarium_subvault_wall],
          aquarium_bridge_square [aquarium_subvault_balcony,
          aquarium_subvault_bridge, aquarium_subvault_wall,
          aquarium_subvault_wall], aquarium_window_1, aquarium_window_1,
          aquarium_window_1, aquarium_view_2a, aquarium_balcony_3b
D:3:      layout_rooms, minitemple, serial_rivers,
          chequers_serial_rivers_micro_c, chequers_serial_rivers_micro_e,
          chequers_serial_rivers_micro_e, chequers_serial_rivers_micro_a,
          chequers_serial_rivers_micro_a, chequers_serial_rivers_micro_c
D:4:      layout_loops_ring, mainiacjoe_overflow_alcove_2,
          mainiacjoe_overflow_alcove_1, temple_fountains
D:5:      layout_layer_cave, elyvilon_altar_3, lemuel_doored_altar,
          minmay_misc_feat_square, st_stairs_14, uniq_prince_ribbit1
Temple:   minmay_temple_curvy_loop

Skill      XL: |  1  2  3  4  5 |
---------------+----------------+-----
Ranged Weapons | 3 4 5 |  5.1
Fighting       | 2 3 |  3.1
Armour         | 1 2 |  2.2
Dodging        | |  1.5
Spellcasting   | |  1.0
Hexes          | |  2.6

Action                     |  1- 3 |  4- 6 || total
---------------------------+-------+-------++-------
   Fire: Sling             |   115 |   151 ||   266
    Use: Scroll            |       |     7 ||     7
         Potion            |       |     3 ||     3
 Armour: Robe              |    15 |       ||    15
         Ring mail         |       |    57 ||    57
  Dodge: Dodged            |    38 |    41 ||    79

Table legend:
 A = Non-vault XP
 B = Vault XP
 C = Vault XP percentage of total XP
 D = Non-vault monster count
 E = Vault monster count
 F = Vault count percentage of total count
                 A         B        C        D         E       F
            +---------+---------+-------+---------+---------+-------
      Total |     384 |       5 |   1.3 |      68 |       3 |   4.2
            +---------+---------+-------+---------+---------+-------
        D:1 |      47 |       5 |   9.6 |      28 |       3 |   9.7
        D:2 |     127 |       0 |   0.0 |      15 |       0 |   0.0
        D:3 |      69 |       0 |   0.0 |      14 |       0 |   0.0
        D:4 |     127 |       0 |   0.0 |      10 |       0 |   0.0
        D:5 |      14 |       0 |   0.0 |       1 |       0 |   0.0
            +---------+---------+-------+---------+---------+-------
